 Dungeon Crawl Stone Soup version 0.24-a0-274-gb3763e6d51 (webtiles) character file.

Game seed: 2716040911267393620

2232 Hercules1031 the Shield-Bearer (level 9, -12/81 HPs)
             Began as a Deep Dwarf Fighter on Apr 26, 2019.
             Was an Initiate of Makhleb.
             Mangled by an orc warrior (17 damage)
             ... in a bailey.
             The game lasted 00:16:02 (5132 turns).

Hercules1031 the Shield-Bearer (Deep Dwarf Fighter) Turns: 5132, Time: 00:16:04

Health: -12/81     AC: 10    Str: 27    XL:     9   Next: 14%
Magic:  8/8        EV: 14    Int: 11    God:    Makhleb [......]
Gold:   160        SH:  8    Dex: 18    Spells: 8/8 levels left

rFire    . . .     SeeInvis .   a - +0 war axe
rCold    . . .     Gourm    .   C - +2 buckler "Somystryh" {Str+4}
rNeg     . . .     Faith    .   b - +0 scale mail
rPois    .         Spirit   .   j - +0 helmet
rElec    .         Reflect  .   (no cloak)
rCorr    .         Harm     +   (no gloves)
MR       +....                  s - +0 pair of boots
Stlth    ..........             e - amulet of harm
HPRegen  0.00/turn              l - +2 ring of intelligence
MPRegen  0.11/turn              I - +6 ring of dexterity

@: non-regenerating
A: damage resistance, heal wounds, sense surroundings 2, no regeneration
a: Heal Wounds, Renounce Religion


You were in a bailey.
You worshipped Makhleb.
Makhleb was noncommittal.
You were not hungry.

You visited 1 branch of the dungeon, and saw 7 of its levels.
You also visited: Bailey.

You collected 329 gold pieces.
You spent 169 gold pieces at shops.

Inventory:

Hand Weapons
 a - a +0 war axe (weapon)
 D - the +8 glaive of Xyirug {flame, MR+}
   (You found it on level 4 of the Dungeon)

   It has been specially enchanted to burn those struck by it, causing extra
   injury to most foes and up to half again as much damage against particularly
   susceptible opponents.
   Big, fiery blades are also staple armaments of hydra-hunters.
   It affects your resistance to hostile enchantments.
Armour
 b - a +0 scale mail (worn)
 c - a +0 shield
 j - a +0 helmet (worn)
 s - a +0 pair of boots (worn)
 C - the +2 buckler "Somystryh" (worn) {Str+4}
   (You found it on level 4 of the Dungeon)

   It affects your strength (+4).
Jewellery
 e - an amulet of harm (around neck)
 l - a +2 ring of intelligence (left hand)
 r - an uncursed amulet of faith
 I - a +6 ring of dexterity (right hand)
Wands
 x - a wand of random effects (13)
 y - a wand of paralysis (4)
 A - a wand of flame (21)
 E - a wand of disintegration (9)
 G - a wand of enslavement (10)
Scrolls
 n - a scroll of blinking {unknown}
 q - 6 scrolls of remove curse {unknown}
 t - 3 scrolls of teleportation {unknown}
 w - a scroll of amnesia {unknown}
 z - a scroll of fog {unknown}
 F - a scroll of magic mapping {unknown}
Potions
 d - a potion of might
 g - 3 potions of heal wounds
 h - a potion of berserk rage {unknown}
 k - a potion of degeneration {unknown}
 m - 2 potions of mutation {unknown}
 o - a potion of brilliance {unknown}
 p - a potion of haste {unknown}
 u - 3 potions of curing {unknown}
 v - a potion of agility {unknown}
 B - 2 potions of cancellation {unknown}
 H - a potion of invisibility {unknown}
Comestibles
 f - 7 rations


   Skills:
 + Level 5.4 Fighting
 + Level 6.2 Axes
 + Level 6.6 Armour
 + Level 5.5 Dodging
 + Level 6.6 Shields
 + Level 3.6 Evocations


You had 8 spell levels left.
You didn't know any spells.
Your spell library contained the following spells:

 Spells                   Type           Power        Failure   Level  Hunger
 Summon Lightning Spire   Summ/Air       #.......     100%        4    #####..
 Lightning Bolt           Conj/Air       #.........   100%        5    ######.
 Summon Forest            Summ/Tloc      #.........   100%        5    ######.
 Freezing Cloud           Conj/Ice/Air   #.........   100%        6    #######


Dungeon Overview and Level Annotations

Branches:
Dungeon (7/15)             Temple (0/1) D:6

Altars:
Fedhas
Gozag
Hepliaklqana
Makhleb
Nemelex Xobeh
Okawaru
Ru
Trog
Uskayaw
Wu Jian
The Shining One

Shops:
D:5 *=}*

Annotations:
D:4 2 runed translucent doors


Innate Abilities, Weirdness & Mutations

You are resistant to damage.
You can heal yourself by infusing magical energy.
You passively map the area around you.
You do not regenerate.


Message History

The orc warrior misses you.
The orc warrior hits you with a +0 halberd!
Your scale mail prevents you from hitting the orc warrior.
You hit the orc warrior.
The orc warrior shoots a bolt.
You block the bolt. You block the orc warrior's attack.
The orc warrior closely misses you.
You barely miss the orc warrior.
You hit the orc warrior but do no damage.
You block the orc warrior's attack.
The orc warrior hits you with a +0 halberd!!
The orc warrior unwields a +0 arbalest.
The orc warrior hits you!
* * * LOW HITPOINT WARNING * * *
You fail to use your ability.
You block the orc warrior's attack.
You hit the orc warrior.
The orc warrior is moderately wounded.
You hit the orc warrior.
You hit the orc warrior but do no damage.
The orc warrior barely misses you. The orc warrior hits you!
* * * LOW HITPOINT WARNING * * *
You block the orc warrior's attack. The orc warrior hits you!
You die...

### ##### ##∩##
###### * *,
.....##...##.....##,
*
.≈≈≈..#...#(.≈≈≈..#
* ,
≈≈o≈≈.((....≈≈o≈≈.#
,,* *,,
≈.oo≈..((o(.≈oo.≈.+
, ,,
≈≈o≈≈....o@.≈≈o≈≈.#
.≈≈≈..#...#o.≈≈≈..#,
,* ,
.....##.∩.##.....##
* * ##### ##∩##
###### * ** ###


You could see an orc knight, 5 orc warriors and 2 orcs.

Vanquished Creatures
  Pikel (D:4)
  Duvessa (D:4)
  An ice beast (D:6)
  2 sky beasts
  A phantom (D:7)
  An ogre (D:6)
  A centaur (D:4)
  3 bullfrogs (D:6)
  Dowan (D:4)
  2 howler monkeys
  A crimson imp (D:5)
  2 bullfrog zombies
  A bullfrog skeleton (D:7)
  3 hounds (D:5)
  2 orc priests (D:3)
  2 orc wizards (D:5)
  3 iguanas
  Ijyb (D:4)
  5 worker ants
  A worker ant zombie (D:4)
  5 gnolls (D:2)
  5 adders
  2 shadow imps (D:5)
  2 oozes
  2 adder skeletons
  3 worms
  4 dart slugs
  4 leopard geckos
  13 orcs
  A giant cockroach (D:1)
  13 goblins
  3 hobgoblins
  5 jackals
  3 quokkas
  7 bats
  11 frilled lizards
  A jackal skeleton (D:4)
  5 kobolds
  A leopard gecko zombie (D:6)
  A quokka skeleton (D:4)
  7 rats
133 creatures vanquished.

Vanquished Creatures (others)
  2 slaves (D:4)
  A worker ant (D:4)
3 creatures vanquished.

Grand Total: 136 creatures vanquished

Notes
Turn   | Place    | Note
-------+----------+-------------------------------------------
     0 | D:1      | Hercules1031 the Deep Dwarf Fighter began the quest for the
                  | Orb.
     0 | D:1      | Reached XP level 1. HP: 20/20 MP: 1/1
   116 | D:1      | Reached XP level 2. HP: 21/27 MP: 2/2
   763 | D:1      | Reached skill level 1 in Dodging
   959 | D:2      | Found a sparkling altar of Nemelex Xobeh.
  1049 | D:2      | Reached XP level 3. HP: 32/34 MP: 3/3
  1070 | D:2      | Found a blossoming altar of Fedhas.
  1498 | D:2      | Found an iron altar of Okawaru.
  1636 | D:2      | Reached XP level 4. HP: 39/42 MP: 3/3
  2064 | D:3      | Reached XP level 5. HP: 44/49 MP: 4/4
  2131 | D:3      | Found a bloodstained altar of Trog.
  2386 | D:3      | Found a hide-covered altar of Uskayaw.
  2389 | D:3      | Noticed a +0 dagger
  2389 | D:3      | Noticed a +0 hand axe
  2526 | D:3      | Found a hazy altar of Hepliaklqana.
  2583 | D:3      | Found an ornate altar of the Wu Jian Council.
  2585 | D:3      | Found a glowing golden altar of the Shining One.
  2734 | D:4      | Found a large runed translucent door.
  2735 | D:4      | Found a large runed translucent door.
  2740 | D:4      | Noticed a centaur
  2747 | D:4      | Reached XP level 6. HP: 36/56 MP: 4/4
  2755 | D:4      | Found a large runed translucent door.
  2755 | D:4      | Found a large runed translucent door.
  2778 | D:4      | Identified Sif Muna's Compendium of the Quantum Birds
  2973 | D:4      | Noticed Ijyb
  2976 | D:4      | Killed Ijyb
  3045 | D:4      | Noticed Pikel
  3045 | D:4      | Noticed a slave
  3045 | D:4      | Noticed a slave
  3045 | D:4      | Noticed a slave
  3049 | D:4      | Noticed a slave
  3062 | D:4      | Killed Pikel
  3062 | D:4      | Reached skill level 5 in Armour
  3062 | D:4      | Reached skill level 5 in Shields
  3062 | D:4      | Reached XP level 7. HP: 63/66 MP: 5/5
  3121 | D:4      | Noticed Duvessa
  3121 | D:4      | Noticed Dowan
  3141 | D:4      | Killed Duvessa
  3141 | D:4      | Reached XP level 8. HP: 43/73 MP: 6/6
  3147 | D:4      | Killed Dowan
  3147 | D:4      | Reached skill level 5 in Axes
  3475 | D:4      | Got a fine buckler
  3476 | D:4      | Identified the +2 buckler "Somystryh" {Str+4} (You found it
                  | on level 4 of the Dungeon)
  3544 | D:4      | Got a shimmering glaive
  3545 | D:4      | Identified the +8 glaive of Xyirug {flame, MR+} (You found
                  | it on level 4 of the Dungeon)
  3569 | D:5      | Entered Level 5 of the Dungeon
  3591 | D:5      | Found Ykathroq's Gadget Shop.
  3611 | D:5      | Bought a wand of disintegration (9) for 169 gold pieces
  3657 | D:5      | Found Mopsul's Assorted Antiques.
  3685 | D:5      | Found an opulent altar of Gozag.
  3739 | D:5      | Found Pofenewe's Jewellery Shoppe.
  3866 | D:5      | Reached skill level 1 in Evocations
  3898 | D:5      | Found Zabbuaq's Assorted Antiques.
  3925 | D:5      | Found a sacrificial altar of Ru.
  4057 | D:5      | Found a burning altar of Makhleb.
  4234 | D:5      | Became a worshipper of Makhleb the Destroyer
  4349 | D:6      | Reached skill level 5 in Fighting
  4385 | D:6      | Reached skill level 5 in Dodging
  4661 | D:6      | Found a staircase to the Ecumenical Temple.
  5027 | D:7      | Gained mutation: You passively map the area around you.
                  | [Deep Dwarf growth]
  5027 | D:7      | Reached XP level 9. HP: 61/81 MP: 9/9
  5083 | D:7      | Found a flagged portal.
  5107 | Bailey   | Entered a bailey
  5107 | Bailey   | Noticed an orc knight
  5132 | Bailey   | Mangled by an orc warrior

Levels and vault maps discovered:
D:1:      dpeg_arrival_orchard, layout_basic
D:2:      minmay_skewed_foursquare, layout_basic, old_standard_altar,
          nemelex_xobeh_ov_fountains_minmay, lemuel_coloured_pillars_altar,
          first_ration
D:3:      layout_loops_ring, lemuel_crystal_altar, dancing_weapons_uskayaw,
          nicolae_overflow_hidden_temple
D:4:      layout_loops_ring, minmay_hollow_rounded_squares, uniq_ijyb,
          uniq_duvessa, uniq_pikel
D:5:      layout_rooms, nicolae_ru_great_annihilating_truth,
          grunt_gozag_breadcrumbs, makhleb_heckhound_becter, serial_shops, shop,
          shop, shop_fountains, shop
D:6:      layout_cave_pods, minmay_temple_entry_poolview
D:7:      layout_loops_corners, enter_bailey_3, the_bakery, uniq_menkaure,
          uniq_harold
Bailey:   bailey_polearm_4, bailey

Skill      XL: |  1  2  3  4  5  6  7  8 |
---------------+-------------------------+-----
Dodging        | 1 2 4 5 |  5.5
Fighting       | 3 4 5 |  5.4
Axes           | 3 4 6 |  6.2
Shields        | 4 5 6 |  6.6
Armour         | 4 5 6 |  6.6
Evocations     | 3 |  3.6

Action                   |  1- 3 |  4- 6 |  7- 9 || total
-------------------------+-------+-------+-------++-------
Melee: War axe           |   103 |   143 |   233 ||   479
 Abil: Heal Wounds       |     2 |     5 |     7 ||    14
  Use: Scroll            |     3 |       |     4 ||     7
       Potion            |       |       |     2 ||     2
 Stab: Paralysed         |       |       |     1 ||     1
  Eat: Ration            |     1 |     2 |     1 ||     4
       Chunk             |       |       |     1 ||     1
Armor: Scale mail        |    48 |    64 |    91 ||   203
Dodge: Dodged            |    45 |    38 |   134 ||   217
Block: Shield            |    64 |    75 |    22 ||   161
       Buckler           |       |       |    88 ||    88

Table legend:
 A = Non-vault XP
 B = Vault XP
 C = Vault XP percentage of total XP
 D = Non-vault monster count
 E = Vault monster count
 F = Vault count percentage of total count
                 A         B        C        D         E       F
            +---------+---------+-------+---------+---------+-------
      Total |    1959 |    1230 |  38.6 |     106 |      27 |  20.3
            +---------+---------+-------+---------+---------+-------
        D:1 |      29 |       0 |   0.0 |      11 |       0 |   0.0
        D:2 |      96 |      23 |  19.3 |      24 |       8 |  25.0
        D:3 |     160 |       0 |   0.0 |      23 |       0 |   0.0
        D:4 |     127 |    1105 |  89.7 |       8 |       9 |  52.9
        D:5 |     376 |      92 |  19.7 |      22 |       5 |  18.5
        D:6 |     744 |       0 |   0.0 |      12 |       0 |   0.0
        D:7 |     427 |       7 |   1.6 |       6 |       4 |  40.0
     Bailey |       0 |       3 | 100.0 |       0 |       1 | 100.0
            +---------+---------+-------+---------+---------+-------
